 Dungeon Crawl Stone Soup version 0.20-b1 (webtiles) character file.

394 Ijustatesigmund the Conjurer (level 6, 0/42 HPs)
             Began as an Octopode Conjurer on May 19, 2017.
             Slain by an orc
             ... wielding a +0 flail
              (9 damage)
             ... on level 4 of the Dungeon.
             The game lasted 00:10:54 (4033 turns).

Ijustatesigmund the Conjurer (Octopode Conjurer)    Turns: 4033, Time: 00:10:56

Health: 0/42       AC:  1    Str:  8    XL:     6   Next: 82%
Magic:  10/10      EV: 13    Int: 17    God:
Gold:   244        SH:  4    Dex: 14    Spells: 5/11 levels left

rFire    . . .     SeeInvis .   s - +0 whip (vamp)
rCold    . . .     Gourm    .   l - +0 buckler
rNeg     . . .     Faith    .   (helmet restricted)
rPois    .         Spirit   .   j - amulet of rage
rElec    .         Reflect  .   o - ring of protection from magic
rCorr    .         Harm     .   w - ring of flight
MR       +....                  (no ring)
Stlth    +++.......             (no ring)
Regen    0.2/turn               (no ring)
MPRegen  0.2/turn               (no ring)
                                (no ring)
                                (no ring)

@: no status effects
A: almost no armour, stealthy swim, amphibious, 8 rings, constrict 8, camouflage
1, gelatinous body 1
a: Evoke Berserk Rage, Evoke Flight


You were on level 4 of the Dungeon.
You were hungry.

You visited 1 branch of the dungeon, and saw 5 of its levels.

You collected 244 gold pieces.

Inventory:

Hand Weapons
 c - a +0 dagger of venom
 f - a +2 dagger of holy wrath
 s - a +0 vampiric whip (weapon)
 y - a +1 flail of pain
Missiles
 u - 2 throwing nets
 x - 3 javelins (quivered)
Armour
 l - a +0 buckler (worn)
Jewellery
 j - an amulet of rage (around mantle)
 o - a ring of protection from magic (left tentacle)
 w - a ring of flight (right tentacle)
Scrolls
 d - 8 scrolls of amnesia
 v - a scroll of teleportation
Potions
 e - a potion of heal wounds
 h - a potion of lignification
 i - 2 potions of mutation {unknown}
 k - a potion of resistance {unknown}
 n - a potion of flight {unknown}
 r - a potion of agility {unknown}
Books
 a - a book of Conjurations

   Spells                             Type                      Level
   a - Magic Dart                     Conjuration                  1
   b - Searing Ray                    Conjuration                  2
   c - Dazzling Spray                 Conjuration/Hexes            3
   d - Fulminant Prism                Conjuration/Hexes            4
   e - Force Lance                    Conjuration/Translocation    4
   f - Iskenderun's Mystic Blast      Conjuration                  4
Comestibles
 b - a bread ration
 q - 3 fruits
 t - a meat ration


   Skills:
 - Level 3.3 Fighting
 - Level 2.0 Dodging
 - Level 3.4 Stealth
 + Level 2.8 Shields
 + Level 3.3 Spellcasting
 + Level 5.2 Conjurations


You had 5 spell levels left.
You knew the following spells:

 Your Spells              Type           Power        Failure   Level  Hunger
a - Magic Dart            Conj           ###.         2%          1    None
b - Searing Ray           Conj           ###...       3%          2    ##.....
c - Dazzling Spray        Conj/Hex       ##....       21%         3    ###....


Dungeon Overview and Level Annotations

Branches:
Dungeon (5/15)
 Temple: D:4-7

Altars:
Yredelemnul
The Shining One


Innate Abilities, Weirdness & Mutations

You cannot wear most types of armour.
You are very stealthy in the water. (Stealth+)
You are amphibious.
You can wear up to eight rings at the same time.
You can use your tentacles to constrict eight enemies at once.
Your skin changes colour to match your surroundings (Stealth+).
Your rubbery body absorbs attacks. (AC +1, EV +1)


Message History

You block the orc's attack.
You hit the orc priest but do no damage.
The orc priest is almost dead.
You constrict the orc priest, but do no damage.
The orc priest hits you with a dagger. The orc hits you with a flail.
You are too injured to fight recklessly!
You are too injured to fight recklessly!
You are too injured to fight recklessly!
You are too injured to fight recklessly!
You are too injured to fight recklessly!
You are too injured to fight recklessly!
You are too injured to fight recklessly!
You barely miss the orc priest.
The orc priest is almost dead.
You constrict the orc priest.
The orc priest mumbles some strange prayers to Beogh against you.
Beogh smites you!
* * * LOW HITPOINT WARNING * * *
The orc hits you with a flail!
You die...

#.............##
####
#..............#####
...##
...................
....#
.................##
....##
#...............).#
.<...#
#......^........#
....##
#...o.........#
....# #@o[........#
...## ####[†....###
...# ###....## ####
###..###..## .###
###..### ##..##
...## ##...## ##..##
....## ###..###
##..# #....##
###..### ##.....
.#....####..###
#....


You could see an orc priest and an orc.

Vanquished Creatures
  Sigmund (D:4)
  An orc priest (D:3)
  A hound (D:3)
  8 gnolls (D:3)
  An adder (D:3)
  3 dart slugs
  A leopard gecko (D:3)
  11 orcs
  A ball python (D:2)
  6 giant cockroaches
  3 goblins
  8 hobgoblins
  7 jackals
  5 kobolds
  2 quokkas (D:3)
  5 bats
  2 frilled lizards (D:2)
  6 rats
72 creatures vanquished.

Notes
Turn   | Place    | Note
-------+----------+-------------------------------------------
     0 | D:1      | Ijustatesigmund the Octopode Conjurer began the quest for the Orb.
     0 | D:1      | Reached XP level 1. HP: 11/11 MP: 3/3
   167 | D:1      | Reached skill level 1 in Fighting
   309 | D:1      | Reached XP level 2. HP: 18/18 MP: 5/5
   314 | D:1      | Learned a level 2 spell: Searing Ray
   323 | D:1      | Found a glowing golden altar of the Shining One.
  1408 | D:2      | Reached XP level 3. HP: 19/25 MP: 6/6
  2041 | D:3      | Found a basalt altar of Yredelemnul.
  2341 | D:3      | Learned a level 3 spell: Dazzling Spray
  2442 | D:3      | Reached XP level 4. HP: 31/31 MP: 7/7
  2926 | D:3      | Reached XP level 5. HP: 21/36 MP: 1/8
  3080 | D:3      | Reached skill level 1 in Shields
  3660 | D:3      | Reached XP level 6. HP: 20/42 MP: 3/10
  3842 | D:4      | Noticed Sigmund
  3848 | D:4      | Killed Sigmund
  3848 | D:4      | Reached skill level 5 in Conjurations
  3922 | D:5      | Entered Level 5 of the Dungeon
  4033 | D:4      | Slain by an orc

Skill      XL: |  1  2  3  4  5  6 |
---------------+-------------------+-----
Fighting       | 1 2 3 |  3.3
Stealth        | 3 |  3.4
Shields        | 2 |  2.8
Spellcasting   | 3 |  3.3
Conjurations   | 5 |  5.2
Dodging        | |  2.0

Action                   |  1- 3 |  4- 6 || total
-------------------------+-------+-------++-------
Melee: Dagger            |    75 |    34 ||   109
       Constrict         |    19 |    21 ||    40
       Tentacles         |    10 |    21 ||    31
       Whip              |       |    59 ||    59
Throw: Javelin           |       |     4 ||     4
 Cast: Magic Dart        |     6 |    21 ||    27
       Searing Ray       |       |     3 ||     3
       Dazzling Spray    |       |     2 ||     2
  Use: Scroll            |     4 |     3 ||     7
       Potion            |       |     2 ||     2
 Stab: Sleeping          |     6 |     2 ||     8
       Distracted        |       |     1 ||     1
  Eat: Chunk             |     4 |     6 ||    10
       Bread ration      |       |     1 ||     1
Armor: Skin              |     5 |     8 ||    13
Dodge: Dodged            |    42 |    72 ||   114
Block: Buckler           |       |    13 ||    13
